 Dungeon Crawl Stone Soup version 0.26.1-11-gd32895ea62 (webtiles) character file.

Game seed: 17224577378623481218

21883 Zeld the Thrower (level 12, 0/118 HPs)
             Began as a Troll Hunter on June 11, 2021.
             Was a Follower of Yredelemnul.
             Slain by a skeletal warrior
             ... wielding a +0 short sword
             ... led by a death knight
              (17 damage)
             ... on level 10 of the Dungeon.
             The game lasted 00:56:46 (34233 turns).

Zeld the Thrower (Troll Hunter)                    Turns: 34233, Time: 00:56:46

Health: 0/118      AC:  9    Str: 27    XL:     12   Next: 58%
Magic:  11/11      EV: 13    Int:  7    God:    Yredelemnul [*.....]
Gold:   582        SH:  0    Dex: 10    Spells: 11/11 levels left

rFire    + . .     SeeInvis .   a - +4 giant spiked club
rCold    . . .     Faith    .   (shield currently unavailable)
rNeg     . . .     Spirit   .   b - +0 robe
rPois    .         Reflect  .   (helmet restricted)
rElec    .         Harm     .   y - +2 cloak {rCorr}
rCorr    +         Rampage  .   (gloves unavailable)
Will     .....                  (boots unavailable)
Stlth    +.........             (no amulet)
HPRegen  0.69/turn              v - ring of protection from fire
MPRegen  0.12/turn              (no ring)

@: about to teleport, weak-willed
A: large, unfitting armour, claws 3, regeneration 1, shaggy fur 1, tough skin 3
a: Renounce Religion, Animate Remains


You were on level 10 of the Dungeon.
You worshipped Yredelemnul.
Yredelemnul was aware of your devotion.
You visited 3 branches of the dungeon, and saw 13 of its levels.

You collected 582 gold pieces.

Inventory:

Hand Weapons
 a - a +4 giant spiked club (weapon)
Missiles
 c - 13 large rocks (quivered)
 d - a throwing net
 p - 2 boomerangs
Armour
 b - a +0 robe (worn)
 y - a +2 cloak of preservation (worn)
Jewellery
 v - a ring of protection from fire (left claw)
Wands
 h - a wand of iceblast (6)
 r - a wand of flame (27)
 t - a wand of paralysis (22)
 w - a wand of disintegration (24)
Scrolls
 k - 8 scrolls of remove curse
 o - 3 scrolls of magic mapping
Potions
 e - 2 potions of invisibility
 g - 3 potions of resistance
 j - 6 potions of curing
 m - a potion of brilliance
 n - 2 potions of haste {unknown}
 q - a potion of degeneration {unknown}
 x - a potion of mutation {unknown}
 A - a potion of attraction {unknown}
Miscellaneous
 s - a box of beasts (inert)


   Skills:
 + Level 7.4 Fighting
 * Level 10.3 Maces & Flails
 * Level 11.7 Throwing
 + Level 7.5 Dodging
 - Level 0.3 Stealth
 - Level 3.0 Unarmed Combat
 + Level 3.0 Evocations


You had 11 spell levels left.
You didn't know any spells.
Your spell library contained the following spells:

 Spells                   Type           Power        Failure   Level
 Magic Dart               Conj           0%           43%         1
 Shock                    Conj/Air       0%           43%         1
 Blink                    Tloc           N/A          56%         2
 Call Imp                 Summ           0%           56%         2
 Slow                     Hex            0%           56%         2
 Swiftness                Air            0%           56%         2
 Conjure Flame            Conj/Fire      0%           80%         3
 Mephitic Cloud           Conj/Pois/Air  0%           80%         3
 Static Discharge         Conj/Air       0%           80%         3
 Airstrike                Air            0%           99%         4
 Lightning Bolt           Conj/Air       0%           100%        5


Dungeon Overview and Level Annotations

Branches:
Dungeon (11/15)            Temple (1/1) D:4            Lair (1/6) D:9
    Orc (0/2) D:10

Altars:
Ashenzari
Cheibriados
Dithmenos
Elyvilon
Fedhas
Gozag
Hepliaklqana
Kikubaaqudgha
Makhleb
Nemelex Xobeh
Okawaru
Qazlal
Ru
Sif Muna
Trog
Uskayaw
Vehumet
Wu Jian
Xom
Yredelemnul
Zin
The Shining One
Beogh

Shops:
D:8 (

Annotations:
D:2 1 exclusion


Innate Abilities, Weirdness & Mutations

You are too large for most types of armour.
You have claws for hands.
Your natural rate of healing is unusually fast.
You are covered in fur. (AC +1)
You have extremely tough skin. (AC +3)


Message History

The phantasmal warrior partially resists.
The phantasmal warrior is almost destroyed.
Unknown command.
You sock the phantasmal warrior!
The phantasmal warrior is almost destroyed.
The skeletal warrior hits you with a +0 short sword!
The phantasmal warrior hits you.
* * * LOW HITPOINT WARNING * * *
The skeletal warrior hits you with a +0 short sword!
* * * LOW HITPOINT WARNING * * *
As you read the scroll of teleportation, it crumbles to dust.
You feel strangely unstable. The phantasmal warrior hits you.
* * * LOW HITPOINT WARNING * * *
The skeletal warrior hits you with a +0 short sword.
* * * LOW HITPOINT WARNING * * *
You feel better. The phantasmal warrior hits you.
* * * LOW HITPOINT WARNING * * *
The skeletal warrior hits you with a +0 short sword!
You die...
Your body rises from the dead as a mindless zombie.

##### ###########
##...###...z@W...#
#....'...#######.#
#....##..#..#..Z.#
#.......W#..#.####
#####.#'##......#.########
()(.....................>#
#####.#.##.#.#.W#.########
#.#.#.......#.#
####.####.#.##.##


You could see a skeletal warrior and a phantasmal warrior.

Vanquished Creatures
  2 two-headed ogres
  7 death yaks
  6 skeletal warriors
  The ghost of bigdumb the Shield-Bearer, a novice GnFi of the Shining One (D:6)
  The ghost of aphrod the Transmogrifier, a novice DrTm of Makhleb (D:7)
  An ugly thing (D:11)
  Joseph (D:9)
  A black mamba (D:9)
  3 cane toads (D:9)
  A gargoyle (D:9)
  3 blink frogs
  A wraith (D:7)
  15 yaks
  Eustachio (D:5)
  Menkaure (D:5)
  A warg (D:10)
  3 water moccasins (D:9)
  An ice beast (D:11)
  5 orc warriors
  3 sky beasts
  An eye of draining (D:10)
  2 black bears
  A phantom (D:9)
  6 ogres
  7 wolves
  5 centaurs
  2 big kobolds
  5 bullfrogs
  A scorpion (D:8)
  3 killer bees (D:11)
  8 wights
  3 howler monkeys
  3 centaur zombies
  2 bullfrog zombies
  2 quasits (D:10)
  4 jellies
  4 hounds
  11 orc priests
  9 orc wizards
  Crazy Yiuf (D:2)
  4 bullfrog skeletons
  A centaur skeleton (D:4)
  Ijyb (D:5)
  Terence (D:3)
  4 iguanas
  4 worker ants
  2 hound zombies
  A howler monkey zombie (D:5)
  2 worker ant zombies
  Robin (D:2)
  17 adders
  2 shadow imps
  2 white imps
  An ufetubus (D:3)
  2 adder zombies
  An adder skeleton (D:6)
  3 worms
  13 dart slugs
  7 leopard geckos
  48 orcs
  2 ball pythons
  3 giant cockroaches
  10 goblins
  7 hobgoblins
  26 jackals
  11 kobolds
  4 quokkas
  7 bats
  5 frilled lizards
  2 leopard gecko skeletons
  A leopard gecko zombie (D:5)
  2 rats
335 creatures vanquished.

Vanquished Creatures (collateral kills)
  A two-headed ogre (D:7)
  Maurice (D:10)
  A vampire (D:9)
  A warg (D:10)
  An orc warrior (D:7)
  3 ice beasts
  A sky beast (D:10)
  An ogre (D:7)
  A bullfrog (D:9)
  A killer bee (D:11)
  A bullfrog zombie (D:8)
  A hound (D:7)
  A jelly (D:7)
  An iguana (D:7)
  An orc wizard (D:8)
  A worker ant (D:10)
  2 adders (D:7)
  7 orcs
  A jackal (D:8)
28 creatures vanquished.

Vanquished Creatures (others)
  An ugly thing zombie (D:11)
  A death yak zombie (D:8)
  A two-headed ogre zombie (D:9)
  2 warg zombies (D:10)
  5 yak zombies
  2 adder zombies (D:10)
  2 big kobold zombies
  3 centaur zombies
  4 hound zombies
  2 iguana zombies
  A jackal zombie (D:8)
  3 killer bee zombies (D:11)
  A kobold zombie (D:10)
  A leopard gecko zombie (D:10)
  An ogre zombie (D:7)
  4 orc skeletons
  18 orc zombies
  2 sky beast zombies
  A water moccasin zombie (D:9)
  A yak skeleton (D:11)
  2 fungi (Lair:1)
  4 plants (Lair:1)
62 creatures vanquished.

Grand Total: 425 creatures vanquished

Notes
Turn   | Place    | Note
-------+----------+-------------------------------------------
     0 | D:1      | Zeld the Troll Hunter began the quest for the Orb.
     0 | D:1      | Reached XP level 1. HP: 19/19 MP: 0/0
    41 | D:1      | Reached XP level 2. HP: 26/28 MP: 1/1
   348 | D:1      | Reached skill level 4 in Throwing
   348 | D:1      | Reached skill level 1 in Unarmed Combat
   646 | D:2      | Reached XP level 3. HP: 35/35 MP: 2/2
   654 | D:2      | Noticed Robin
   777 | D:2      | Killed Robin
   792 | D:2      | Reached XP level 4. HP: 26/42 MP: 3/3
   899 | D:2      | Found a shadowy altar of Dithmenos.
  1256 | D:2      | Found a runed translucent door.
  1257 | D:2      | Noticed Crazy Yiuf
  1598 | D:2      | Killed Crazy Yiuf
  1599 | D:2      | Reached XP level 5. HP: 50/50 MP: 4/4
  1691 | D:3      | Found a broken altar of Ashenzari.
  1939 | D:3      | Noticed Terence
  1951 | D:3      | Killed Terence
  2114 | D:3      | Reached skill level 5 in Throwing
  2365 | D:4      | Reached XP level 6. HP: 59/59 MP: 5/5
  2627 | D:4      | Found a staircase to the Ecumenical Temple.
  2637 | Temple   | Entered the Ecumenical Temple
  2678 | Temple   | Became a worshipper of Yredelemnul the Dark
  2884 | D:4      | Found an iron altar of Okawaru.
  2884 | D:4      | Found a stormy altar of Qazlal.
  2885 | D:4      | Found an ancient bone altar of Kikubaaqudgha.
  3501 | D:4      | Reached XP level 7. HP: 15/67 MP: 6/6
  3599 | D:4      | Found a staircase to the Ecumenical Temple.
  3729 | D:4      | Found an iron altar of Okawaru.
  3729 | D:4      | Found an ancient bone altar of Kikubaaqudgha.
  3730 | D:4      | Found a stormy altar of Qazlal.
  3920 | D:5      | Entered Level 5 of the Dungeon
  5016 | D:5      | Reached skill level 6 in Throwing
  5021 | D:5      | Reached skill level 1 in Maces & Flails
  5080 | D:5      | Found a hide-covered altar of Uskayaw.
  5080 | D:5      | Noticed a +0 dagger
  5081 | D:5      | Noticed a +0 hand axe
  6112 | D:5      | Noticed Eustachio
  6344 | D:5      | Killed Eustachio
  6345 | D:5      | Reached XP level 8. HP: 76/76 MP: 7/7
  6421 | D:5      | Noticed Ijyb
  6656 | D:5      | Killed Ijyb
  6780 | D:5      | Noticed Menkaure
  6934 | D:5      | Killed Menkaure
  7452 | D:6      | Reached * piety under Yredelemnul
  7588 | D:6      | Found a large runed translucent door.
  7589 | D:6      | Found a large runed translucent door.
  8219 | D:6      | Noticed bigdumb's ghost (novice GnFi)
  8794 | D:6      | Killed bigdumb's ghost
  8795 | D:6      | Reached skill level 7 in Throwing
  9237 | D:7      | Reached XP level 9. HP: 85/85 MP: 8/8
  9693 | D:7      | Found a transporter.
  9716 | D:7      | Noticed aphrod's ghost (novice DrTm)
  9789 | D:7      | Found a transporter.
  9946 | D:7      | Reached skill level 5 in Maces & Flails
 10366 | D:8      | Noticed a two-headed ogre
 10840 | D:8      | Reached skill level 8 in Throwing
 12622 | D:8      | Reached skill level 5 in Dodging
 12765 | D:8      | Found a roughly hewn altar of Beogh.
 12817 | D:8      | Reached ** piety under Yredelemnul
 12915 | D:8      | Reached skill level 5 in Fighting
 13110 | D:8      | Found a white marble altar of Elyvilon.
 13276 | D:8      | Found Kufoen's Antique Weapon Boutique.
 13720 | D:7      | Killed a two-headed ogre
 14419 | D:8      | Noticed a skeletal warrior
 14536 | D:7      | Reached XP level 10. HP: 96/96 MP: 9/9
 14755 | D:7      | Killed aphrod's ghost
 14756 | D:7      | Reached skill level 9 in Throwing
 15154 | D:9      | Noticed a gargoyle
 15184 | D:9      | Killed a gargoyle
 15290 | D:9      | Noticed Joseph
 15308 | D:9      | Killed Joseph
 15869 | D:9      | Noticed a death yak
 15869 | D:9      | Noticed a death yak
 15869 | D:9      | Noticed a death yak
 15870 | D:9      | Noticed a death yak
 15974 | D:8      | HP: 2/97 [death yak (16)]
 15979 | D:8      | Killed a death yak
 17265 | D:8      | Noticed a skeletal warrior
 17266 | D:8      | Noticed a skeletal warrior
 17266 | D:8      | Noticed a skeletal warrior
 17567 | D:9      | Noticed a two-headed ogre
 17588 | D:9      | Killed a two-headed ogre
 17735 | D:9      | Found a staircase to the Lair.
 18143 | D:10     | Entered Level 10 of the Dungeon
 18347 | D:10     | Found a staircase to the Orcish Mines.
 18444 | D:10     | Reached skill level 10 in Throwing
 18444 | D:10     | Reached XP level 11. HP: 84/105 MP: 10/10
 18700 | D:10     | Noticed Maurice
 18714 | D:10     | Killed Maurice
 19497 | D:10     | Found a shimmering altar of Xom.
 20636 | D:10     | Reached *** piety under Yredelemnul
 21190 | D:11     | Noticed a death knight
 21190 | D:11     | Noticed a phantasmal warrior
 21190 | D:11     | Noticed a skeletal warrior
 21479 | Lair:1   | Entered Level 1 of the Lair of Beasts
 22130 | D:7      | Killed a skeletal warrior
 22302 | D:7      | Killed a skeletal warrior
 22306 | D:7      | Killed a skeletal warrior
 22307 | D:7      | Reached skill level 1 in Evocations
 22641 | D:8      | Killed a skeletal warrior
 22922 | D:8      | Noticed a skeletal warrior
 22930 | D:8      | Killed a skeletal warrior
 23007 | D:8      | Killed a death yak
 23008 | D:8      | Reached skill level 11 in Throwing
 23224 | D:8      | Found a white marble altar of Elyvilon.
 23360 | D:8      | Found a roughly hewn altar of Beogh.
 23932 | D:8      | Found Kufoen's Antique Weapon Boutique.
 24280 | D:9      | Found a staircase to the Lair.
 24437 | D:9      | Noticed a death yak
 24439 | D:9      | Noticed a death yak
 24468 | D:9      | Noticed a death yak
 24471 | D:9      | Killed a death yak
 25016 | D:8      | Killed a death yak
 25017 | D:8      | Reached XP level 12. HP: 115/115 MP: 11/11
 25913 | D:8      | Killed a death yak
 26170 | D:7      | Killed a death yak
 26358 | D:8      | Killed a death yak
 26808 | D:11     | Noticed a two-headed ogre
 26815 | D:11     | Killed a two-headed ogre
 28394 | D:9      | Reached skill level 10 in Maces & Flails
 29139 | D:9      | Found a staircase to the Lair.
 31081 | D:9      | Found a staircase to the Lair.
 34233 | D:10     | Slain by a skeletal warrior

Illustrated notes

Levels and vault maps discovered:
D:1:      mushboom_english_gardens, layout_loops_ring
D:2:      layout_loops_ring, nicolae_dithmenos_through_a_glass_darkly,
          due_unseen_surprise, uniq_robin, uniq_crazy_yiuf_cottage
D:3:      kennysheep_slugbush, layout_basic, cheibrodos_ashenzari_chains,
          uniq_terence
D:4:      layout_cave_pools, gammafunk_temple_overflow_claw,
          minmay_temple_entry_glass, minmay_fractal_squares_gapless_5
D:5:      layout_rooms, dancing_weapons_uskayaw, grunt_ministairs_4,
          nrook_campfire, uniq_eustachio, uniq_ijyb, uniq_menkaure
D:6:      layout_cave_pods, ebering_ghost_disaster_area, kennysheep_potato
D:7:      layout_cave_pods, gammafunk_ghost_mausoleum
D:8:      layout_cave_pods, general_overflow_altar, special_room
          [special_room_orc], serial_shops, shop, roderic_serpentine_path
D:9:      layout_cave_pods, dpeg_lair_monsters, uniq_joseph
D:10:     layout_basic, david_orc_1_choice, lemuel_tele_altar, uniq_maurice
D:11:     layout_roguey, corexii_corridor_pit
Temple:   regret_index_temple_waves
Lair:1:   layout_cave_pods, beast_lair_carwin_6

Skill      XL: |  1  2  3  4  5  6  7  8  9 10 11 12 |
---------------+-------------------------------------+-----
Throwing       | 4 5 6 7 8 10 11 | 11.7
Unarmed Combat | 1 2 3 |  3.0
Fighting       | 2 3 4 5 6 7 |  7.4
Dodging        | 2 3 4 5 6 7 |  7.5
Maces & Flails | 2 4 6 8 9 10 | 10.3
Evocations     | 1 3 |  3.0
Stealth        | |  0.3

Action                   |  1- 3 |  4- 6 |  7- 9 | 10-12 || total
-------------------------+-------+-------+-------+-------++-------
Melee: Unarmed           |   116 |   204 |       |       ||   320
       Mace              |       |     2 |       |       ||     2
       Punch             |       |     1 |       |       ||     1
       Giant spiked club |       |    12 |   482 |   583 ||  1077
Throw: Large rock        |       |     4 |    11 |     5 ||    20
       Throwing net      |       |       |       |     2 ||     2
Invok: Animate Remains   |       |       |    22 |    29 ||    51
       Recall Undead Sla |       |       |     2 |       ||     2
       Injury Mirror     |       |       |       |    10 ||    10
       Animate Dead      |       |       |       |     4 ||     4
Evoke: Wand              |       |       |       |    10 ||    10
       Box of beasts     |       |       |       |     1 ||     1
  Use: Scroll            |       |       |    23 |    16 ||    39
       Potion            |       |       |     3 |     7 ||    10
 Stab: Sleeping          |     1 |     3 |       |       ||     4
       Distracted        |       |       |       |     1 ||     1
Armor: Robe              |    55 |    96 |   367 |   259 ||   777
Dodge: Dodged            |    90 |   152 |   459 |   526 ||  1227
